 Dungeon Crawl Stone Soup version 0.24.0-35-gdb84b6a5db (webtiles) character file.

Game seed: 10148259494965141358, levelgen mode: deterministic

3059 Delamore the Severer (level 9, -1/70 HPs)
             Began as a Hill Orc Fighter on Nov 19, 2019.
             Was an Initiate of Qazlal.
             Shot with a sling bullet by Joseph (9 damage)
             ... on level 7 of the Dungeon.
             The game lasted 00:11:15 (7814 turns).

Delamore the Severer (Hill Orc Fighter)             Turns: 7814, Time: 00:11:16

Health: -1/70      AC: 10    Str: 22    XL:     9   Next: 87%
Magic:  9/9        EV:  7    Int:  8    God:    Qazlal [......]
Gold:   437        SH:  9    Dex: 10    Spells: 8/8 levels left

rFire    + . .     SeeInvis .   L - +2 war axe
rCold    . . .     Gourm    +   c - +0 shield
rNeg     . . .     Faith    .   b - +1 scale mail
rPois    .         Spirit   .   u - +0 helmet
rElec    .         Reflect  .   z - +0 cloak
rCorr    .         Harm     .   (no gloves)
MR       .....                  (no boots)
Stlth    +.........             C - amulet of the gourmand
HPRegen  0.21/turn              D - ring of protection from fire
MPRegen  0.11/turn              v - ring of stealth

@: no status effects
A: no striking features
a: Renounce Religion


You were on level 7 of the Dungeon.
You worshipped Qazlal.
Qazlal was noncommittal.
You were not hungry.

You visited 2 branches of the dungeon, and saw 8 of its levels.
You also visited: Sewer.

You collected 437 gold pieces.

Inventory:

Hand Weapons
 a - a +1 war axe
 t - a +1 dagger of draining
 L - a +2 war axe (weapon)
Missiles
 F - a throwing net
 K - 6 atropa-tipped darts (quivered)
Armour
 b - a +1 scale mail (worn)
 c - a +0 shield (worn)
 u - a +0 helmet (worn)
 z - a +0 cloak (worn)
 I - a +0 plate armour
Jewellery
 j - a +4 ring of intelligence
 v - a ring of stealth (right hand)
 C - an amulet of the gourmand (around neck)
 D - a ring of protection from fire (left hand)
Wands
 y - a wand of digging (2)
 H - a wand of flame (16)
 J - a wand of acid (7)
Scrolls
 e - a scroll of identify
 g - 2 scrolls of enchant weapon
 k - 3 scrolls of remove curse {unknown}
 l - 2 scrolls of enchant armour
 p - 4 scrolls of teleportation {unknown}
 q - a scroll of amnesia
 r - 2 scrolls of random uselessness {unknown}
 w - a scroll of blinking
 B - a scroll of fog {unknown}
 G - 3 scrolls of fear {unknown}
Potions
 d - 2 potions of might
 h - 2 potions of degeneration {unknown}
 i - 3 potions of heal wounds {unknown}
 m - 2 potions of haste {unknown}
 n - a potion of invisibility {unknown}
 o - 3 potions of mutation {unknown}
 s - a potion of curing {unknown}
 x - a potion of brilliance {unknown}
 A - 2 potions of lignification {unknown}
 E - a potion of cancellation {unknown}
Comestibles
 f - 12 rations


   Skills:
 - Level 3.6 Fighting
 + Level 16.4 Axes
 - Level 3.2 Armour
 - Level 3.2 Shields


You had 8 spell levels left.
You didn't know any spells.
Your spell library contained the following spells:

 Spells                   Type           Power        Failure   Level  Hunger
 Animate Skeleton         Necr           N/A          99%         1    ##.....
 Apportation              Tloc           #.....       99%         1    ##.....
 Beastly Appendage        Tmut           #.....       99%         1    ##.....
 Confusing Touch          Hex            #.....       99%         1    ##.....
 Magic Dart               Conj           #...         99%         1    ##.....
 Summon Small Mammal      Summ           #...         99%         1    ##.....
 Blink                    Tloc           N/A          100%        2    ###....
 Call Imp                 Summ           #.......     100%        2    ###....
 Corpse Rot               Necr           N/A          100%        2    ###....
 Slow                     Hex            #.......     100%        2    ###....
 Sticks to Snakes         Tmut           #.......     100%        2    ###....
 Sublimation of Blood     Necr           #.........   100%        2    ###....
 Call Canine Familiar     Summ           #.......     100%        3    ####...
 Conjure Flame            Conj/Fire      #.......     100%        3    ####...
 Mephitic Cloud           Conj/Pois/Air  #.......     100%        3    ####...
 Spider Form              Tmut/Pois      #.........   100%        3    ####...
 Summon Guardian Golem    Hex/Summ       #.......     100%        3    ####...
 Ice Form                 Ice/Tmut       #.......     100%        4    #####..
 Summon Ice Beast         Ice/Summ       #.......     100%        4    #####..
 Summon Lightning Spire   Summ/Air       #.......     100%        4    #####..
 Agony                    Necr           #.......     100%        5    ######.
 Blade Hands              Tmut           #.........   100%        5    ######.
 Bolt of Draining         Conj/Necr      #.........   100%        5    ######.
 Dispel Undead            Necr           #.......     100%        5    ######.
 Excruciating Wounds      Chrm/Necr      #.........   100%        5    ######.


Dungeon Overview and Level Annotations

Branches:
Dungeon (7/15)             Temple (1/1) D:7           Sewer (visited)

Altars:
Ashenzari
Cheibriados
Dithmenos
Elyvilon
Fedhas
Gozag
Hepliaklqana
Kikubaaqudgha
Makhleb
Nemelex Xobeh
Okawaru
Qazlal
Ru
Sif Muna
Trog
Uskayaw
Vehumet
Wu Jian
Xom
Yredelemnul
Zin
The Shining One

Annotations:
D:7 Joseph


Message History

A dispersal trap.
Really walk into that dispersal trap?
You enter a dispersal trap!
The iguana blinks!
Joseph blinks!
You blink.
Joseph shoots a sling bullet.
The sling bullet closely misses you.
You see here a sling bullet.
Joseph shoots a sling bullet.
The sling bullet hits you but does no damage.
You see here a sling bullet.
Joseph shoots a sling bullet.
The sling bullet hits you!
* * * LOW HITPOINT WARNING * * *
You see here a sling bullet.
Joseph shoots a sling bullet.
You block the sling bullet.
You see here a sling bullet.
Joseph enters a dispersal trap!
The iguana blinks!
You blink.
Joseph blinks!
Joseph shoots a sling bullet.
You block the sling bullet.
You see here a sling bullet.
Joseph shoots a sling bullet.
The sling bullet hits you but does no damage.
Joseph shoots a sling bullet.
The sling bullet hits you!
You die...

#†.#.#.##...#...#................
#.....###......##.......(........
###.#...#.......#......(.........
......................(..........
...##...........###.((@........##
#(#..#..###..####.....l........##
#....#..# ##.###.................
....#...# #..#.#.................
.>......####....@................
...##....###.###...>.............
..#..#..[.##.##..................
#.#.....[[#.................####.
...#......[.....#...........####.
................#........#.......
##..............................#
...........................(##...
.........................##......


You could see Joseph and an iguana.

Vanquished Creatures
  A troll (D:5)
  A hippogriff (D:7)
  Sigmund (D:5)
  Menkaure (D:4)
  Edmund (D:5)
  Duvessa (D:5)
  An ice beast (D:6)
  4 ogres
  4 bullfrogs
  Blork the orc (D:4)
  Dowan (D:5)
  A water moccasin zombie (D:5)
  3 killer bees (D:7)
  A howler monkey (D:7)
  4 wights (D:7)
  A crimson imp (D:5)
  2 hounds
  2 centaur zombies
  3 orc priests (D:6)
  4 orc wizards
  Jessica (D:3)
  Natasha (thrice) (D:2)
  Ijyb (D:4)
  2 worker ants
  A hound zombie (D:5)
  A hound skeleton (D:6)
  Robin (D:3)
  4 gnolls (D:3)
  14 adders
  A shadow imp (D:6)
  12 oozes
  An adder zombie (D:5)
  A worm (D:4)
  2 dart slugs
  12 leopard geckos
  10 orcs
  15 giant cockroaches
  19 goblins
  14 hobgoblins
  12 jackals
  A quokka (D:2)
  6 ball pythons
  3 bats
  20 frilled lizards
  A giant cockroach zombie (D:5)
  8 kobolds
  A leopard gecko skeleton (D:5)
  3 leopard gecko zombies (D:5)
  A quokka skeleton (D:5)
  A quokka zombie (D:5)
  9 rats
219 creatures vanquished.

Notes
Turn   | Place    | Note
-------+----------+-------------------------------------------
     0 | D:1      | Delamore the Hill Orc Fighter began the quest for the Orb.
     0 | D:1      | Reached XP level 1. HP: 19/19 MP: 1/1
    25 | D:1      | Reached skill level 3 in Axes
    43 | D:1      | Reached XP level 2. HP: 9/26 MP: 2/2
   379 | D:1      | Reached skill level 4 in Axes
   464 | D:1      | Found a glowing golden altar of the Shining One.
   706 | D:1      | Reached XP level 3. HP: 31/31 MP: 3/3
  1006 | D:2      | Reached skill level 5 in Axes
  1154 | D:2      | Reached XP level 4. HP: 38/39 MP: 4/4
  1306 | D:2      | Noticed Natasha
  1322 | D:2      | Killed Natasha
  1322 | D:2      | Reached skill level 6 in Axes
  1338 | D:3      | Noticed Jessica
  1347 | D:3      | Killed Jessica
  1347 | D:3      | Reached XP level 5. HP: 18/45 MP: 5/5
  1384 | D:3      | Noticed Robin
  1467 | D:3      | Reached skill level 7 in Axes
  1478 | D:3      | Killed Robin
  1695 | D:3      | Reached skill level 8 in Axes
  1695 | D:3      | Reached XP level 6. HP: 35/51 MP: 6/6
  1696 | D:3      | Found a sacrificial altar of Ru.
  1719 | D:3      | Found a glowing drain.
  1755 | Sewer    | Entered a sewer
  2097 | Sewer    | Reached skill level 9 in Axes
  2238 | Sewer    | Reached XP level 7. HP: 26/57 MP: 7/7
  2884 | D:2      | Noticed Natasha
  2892 | D:2      | Killed Natasha
  2892 | D:2      | Reached skill level 10 in Axes
  2899 | D:2      | Noticed Natasha
  2903 | D:2      | Killed Natasha
  3063 | D:2      | Found a glowing silver altar of Zin.
  3273 | D:2      | Found a white marble altar of Elyvilon.
  3324 | D:4      | Noticed Blork the orc
  3331 | D:4      | Killed Blork the orc
  3462 | D:4      | Noticed Ijyb
  3470 | D:4      | Killed Ijyb
  3470 | D:4      | Reached skill level 11 in Axes
  3500 | D:4      | Noticed Menkaure
  3510 | D:4      | Killed Menkaure
  3510 | D:4      | Reached XP level 8. HP: 13/64 MP: 8/8
  4007 | D:5      | Entered Level 5 of the Dungeon
  4088 | D:5      | Noticed Edmund
  4102 | D:5      | Killed Edmund
  4102 | D:5      | Reached skill level 12 in Axes
  4343 | D:5      | Noticed Sigmund
  4618 | D:5      | Killed Sigmund
  4618 | D:5      | Reached skill level 13 in Axes
  4966 | D:5      | Noticed Duvessa
  4966 | D:5      | Noticed Dowan
  4985 | D:5      | Killed Duvessa
  4996 | D:5      | Killed Dowan
  5293 | D:5      | Reached XP level 9. HP: 67/70 MP: 9/9
  5451 | D:5      | Reached skill level 14 in Axes
  5740 | D:6      | Found a radiant altar of Vehumet.
  5929 | D:6      | Noticed a troll
  6235 | D:5      | Killed a troll
  6443 | D:6      | Reached skill level 15 in Axes
  7186 | D:7      | Found a staircase to the Ecumenical Temple.
  7234 | D:7      | Reached skill level 16 in Axes
  7250 | Temple   | Entered the Ecumenical Temple
  7591 | Temple   | Became a worshipper of Qazlal Stormbringer
  7650 | D:7      | Found a sacrificial altar of Ru.
  7670 | D:7      | Found a shattered altar of Ashenzari.
  7671 | D:7      | Found a burning altar of Makhleb.
  7777 | D:7      | Noticed Joseph
  7814 | D:7      | Shot with a sling bullet by Joseph

Levels and vault maps discovered:
D:1:      dpeg_arrival_simpleton_b, layout_basic, tso_altar
D:2:      layout_loops_ring, zin_scriptorium, hangedman_decor_diamond_cutter,
          lemuel_statue_altar, uniq_natasha
D:3:      layout_loops_ring, gup_sewer_entry_glass,
          nicolae_ru_great_annihilating_truth, uniq_robin, uniq_jessica
D:4:      layout_rooms, uniq_menkaure, uniq_ijyb, uniq_blork_the_orc
D:5:      layout_basic, first_ration, serial_undead, serial_undead_e,
          serial_undead_d, serial_undead_d, serial_undead_f, uniq_duvessa,
          uniq_edmund, uniq_sigmund
D:6:      minmay_chambers_of_sixes, layout_rooms, vehumet_altar_wand_db
D:7:      layout_cave_pools, nicolae_overflow_hidden_temple,
          gammafunk_temple_overflow_statue, minmay_temple_entry_mini_moons,
          uniq_crazy_yiuf_cottage, uniq_joseph
Temple:   eino_temple_scatter_basement

Skill      XL: |  1  2  3  4  5  6  7  8  9 |
---------------+----------------------------+-----
Axes           | 3 4 5 6 8 9 11 13 16 | 16.4
Fighting       | |  3.6
Armour         | |  3.2
Shields        | |  3.2

Action                   |  1- 3 |  4- 6 |  7- 9 || total
-------------------------+-------+-------+-------++-------
Melee: War axe           |   115 |   250 |   353 ||   718
  Use: Scroll            |       |     3 |     1 ||     4
 Stab: Paralysed         |       |     1 |       ||     1
  Eat: Chunk             |     1 |     4 |    26 ||    31
Armor: Scale mail        |    43 |   131 |   147 ||   321
Dodge: Dodged            |    42 |    76 |    73 ||   191
Block: Shield            |    78 |   149 |   148 ||   375
